 Dungeon Crawl Stone Soup version 0.29-a0-384-g6960b1960d (webtiles) character file.

Game seed: 12974103153091694813

217 zeratav the Shooter (level 5, -1/30 HPs)
             Began as a Tengu Hunter on May 6, 2022.
             Slain by a sky beast (6 damage)
             ... on level 4 of the Dungeon.
             The game lasted 00:03:41 (2956 turns).

zeratav the Shooter (Tengu Hunter)                  Turns: 2956, Time: 00:03:41

Health: -1/30      AC:  3    Str: 11    XL:     5   Next: 94%
Magic:  6/6        EV: 14    Int: 10    God:
Gold:   142        SH:  0    Dex: 19    Spells: 4/4 levels left

rFire   . . .      SeeInvis .   a - +1 shortbow {bow}
rCold   . . .      Faith    .   (shield currently unavailable)
rNeg    . . .      Spirit   .   b - +0 leather armour
rPois   .          Reflect  .   (helmet restricted)
rElec   .          Harm     .   (no cloak)
rCorr   .          Rampage  .   (no gloves)
Will    .....                   (boots unavailable)
Stlth   ++........              (no amulet)
HPRegen 0.10/turn               (no ring)
MPRegen 0.10/turn               (no ring)

@: flying quickly and evasively, quick
A: beak, talons 3, nimble flight
a: no special abilities


You were on level 4 of the Dungeon.
You visited 1 branch of the dungeon, and saw 4 of its levels.

You collected 142 gold pieces.


Innate Abilities, Weirdness & Mutations

You have a beak for a mouth.
You have claws for feet.
Your magical nature lets you fly swiftly and evasively.


   Skills:
 - Level 2.0 Fighting
 + Level 7.6 Bows
 - Level 2.1 Dodging
 - Level 1.0 Stealth


You had 4 spell levels left.
You didn't know any spells.
Your spell library contained the following spells:

 Spells                   Type           Power      Damage    Failure   Level
 Petrify                  Tmut/Erth      0%         N/A       99%         4
 Metabolic Englaciation   Hex/Ice        0%         N/A       100%        5
 Statue Form              Tmut/Erth      0%         N/A       100%        6

Inventory:

Hand Weapons
 a - a +1 shortbow (weapon) {bow}
Armour
 b - a +0 leather armour (worn)
 m - a +0 leather armour
   (You found it on level 4 of the Dungeon)
Wands
 o - a wand of flame (24)
   (You found it on level 2 of the Dungeon)
Scrolls
 c - 2 scrolls of immolation {!r!r}
 e - 2 scrolls of identify {unknown}
 g - a scroll of magic mapping {unknown}
 i - a scroll of silence {unknown}
 k - a scroll of fear {unknown}
 n - 3 scrolls of teleportation {unknown}
Potions
 d - 2 potions of haste {unknown}
 f - 2 potions of flight {unknown}
 h - a potion of curing {unknown}
 j - a potion of ambrosia {unknown}
 l - a potion of attraction {unknown}
 p - a potion of cancellation {unknown}
 q - 4 potions of mutation {unknown}

Dungeon Overview and Level Annotations

Branches:
Dungeon (4/15)
 Temple: D:4-7

Altars:

+###### ....... .......
##### ....... #...#
......Y###### #.<.#
.......@....# #...#
####........######...###
#........##.........)
########.##.<.......<
#.##..........
#.######...###
#.............
#....8...⌠...8
#.............


You could see a sky beast.


Message History

You shoot an arrow. The arrow hits the giant cockroach!
You kill the giant cockroach!
No target in view!
No target in view!
You see here a giant cockroach corpse.
You reach down and open the door.
There is an open door here.
x - a +0 ring mail You now have 135 gold pieces (gained 10).
A kobold comes into view. It is wielding a +0 short sword.
You shoot an arrow. The arrow hits the kobold.
The kobold shouts!
You shoot an arrow. The arrow hits the kobold!
You kill the kobold!
No target in view!
No target in view!
You drop a +0 plate armour.
You drop a +0 ring mail.
You drop a +0 robe.
You drop a +0 leather armour.
You drop a +1 dagger of holy wrath {short}.
You drop a +0 chain mail.
You drop a +0 leather armour.
You drop a +0 ring mail.
You see here 12 stones {throwing}.
You now have 142 gold pieces (gained 7).
n - 3 scrolls labelled ROHOMNOYZE (gained 1)
Found a stone staircase leading up.
There is an open door here.
There is a stone staircase leading down here.
Done exploring.
(D) Dungeon
Where to? (Enter - D:3, ? - help)
There is a stone staircase leading down here.
You fly downwards.
There is a stone staircase leading up here.
There are monsters nearby!
You shoot an arrow. The arrow hits the goblin.
You kill the goblin!
You shoot an arrow. The arrow hits the ufetubus!
You kill the ufetubus!
No target in view!
No target in view!
Found two stone staircases leading up.
No target in view!
No target in view!
Found a stone staircase leading down.
e - 2 scrolls labelled UCIHUU CIECOA (gained 1)
m - a +0 leather armour A sky beast comes into view.
You shoot an arrow.
The arrow hits the sky beast but does no damage.
You shoot an arrow. The arrow misses the sky beast.
You shoot an arrow.
The arrow hits the sky beast but does no damage.
The sky beast misses you.
You shoot an arrow. The arrow misses the sky beast.
The sky beast barely misses you.
You shoot an arrow.
The arrow hits the sky beast but does no damage.
The sky beast hits you. The sky beast shocks you.
HP[-7]
You take 7 damage, and now have 23/30 hp.
MASSIVE DAMAGE!! (PAUSE)
You shoot an arrow. The arrow hits the sky beast!
The sky beast misses you.
You shoot an arrow.
The arrow hits the sky beast but does no damage.
The sky beast barely misses you.
You shoot an arrow. The arrow hits the sky beast!
The sky beast barely misses you.
You shoot an arrow. The arrow hits the sky beast.
The sky beast hits you. The sky beast shocks you.
* * * LOW HITPOINT WARNING * * *
The sky beast barely misses you.
HP[-9]
You take 9 damage, and now have 14/30 hp.
MASSIVE DAMAGE!! (PAUSE)
You are too injured to fight recklessly!
You are too injured to fight recklessly!
You are too injured to fight recklessly!
You are too injured to fight recklessly!
Shoot: a) +1 shortbow {bow}
Press: ? - help, Q - select action, (/) - cycle Shift-Dir - straight line, f/p - sky beast
Aim: a sky beast (severely wounded, 57% to hit)
You shoot an arrow.
The arrow completely misses the sky beast.
The sky beast hits you.
* * * LOW HITPOINT WARNING * * *
The sky beast shocks you.
* * * LOW HITPOINT WARNING * * *
HP[-5]
You take 5 damage, and now have 9/30 hp.
Shoot: a) +1 shortbow {bow}
Press: ? - help, Q - select action, (/) - cycle Shift-Dir - straight line, f/p - sky beast
Aim: a sky beast (severely wounded, 57% to hit)
You shoot an arrow. The arrow hits the sky beast.
The sky beast hits you.
* * * LOW HITPOINT WARNING * * *
The sky beast shocks you.
You die...

Skill      XL: |  1  2  3  4 |
---------------+-------------+-----
Bows           | 5 6 7 |  7.6
Fighting       | |  2.0
Dodging        | |  2.1
Stealth        | |  1.0

Action                   |  1- 3 |  4- 6 || total
-------------------------+-------+-------++-------
 Fire: Shortbow          |    90 |    87 ||   177
Armor: Leather armour    |    10 |     6 ||    16
Dodge: Dodged            |    25 |    26 ||    51

Levels and vault maps discovered:
D:1:      psy_arrival_spokes, layout_loops_ring, serial_forest,
          infiniplex_forest_lined_2, infiniplex_forest_clump_diagonal,
          infiniplex_forest_clump_cross, infiniplex_forest_clump_diagonal,
          infiniplex_forest_lined_room_2, infiniplex_forest_clump_curved,
          infiniplex_forest_end_2, ebering_ecumenical_altar_petrified
D:2:      layout_loops_corners, nicolae_underground_beach
D:3:      layout_basic, minmay_misc_feat_enclosed
D:4:      layout_basic, minmay_temple_entry_gardened_gates,
          nicolae_elevator_lobby_plus, uniq_robin, uniq_crazy_yiuf_cottage

Notes
Turn   | Place    | Note
-------+----------+-------------------------------------------
     0 | D:1      | zeratav the Tengu Hunter began the quest for the Orb.
     0 | D:1      | Reached XP level 1. HP: 12/12 MP: 2/2
     0 | D:1      | magus.rc [v1.9.6]
   346 | D:1      | Reached XP level 2. HP: 17/17 MP: 3/3
   356 | D:1      | Reached skill level 5 in Bows
   450 | D:1      | Found a faded altar of an unknown god.
   460 | D:1      | You pick up a book of Sloth and begin reading...
   460 | D:1      | You add the spells Petrify, Metabolic Englaciation and
                  | Statue Form to your library.
   909 | D:2      | Reached XP level 3. HP: 9/21 MP: 4/4
  1478 | D:2      | Reached skill level 6 in Bows
  1481 | D:2      | Reached XP level 4. HP: 26/26 MP: 5/5
  1771 | D:2      | Noticed an ogre
  1776 | D:2      | Killed an ogre
  1777 | D:2      | Reached skill level 7 in Bows
  1777 | D:2      | Gained mutation: Your magical nature lets you fly swiftly
                  | and evasively. [Tengu growth]
  1777 | D:2      | Reached XP level 5. HP: 30/30 MP: 6/6
  2396 | D:3      | HP: 7/30 [something (1)]
  2945 | D:4      | Noticed a sky beast
  2956 | D:4      | HP: 5/30 [sky beast (4)]
  2956 | D:4      | Slain by a sky beast

Vanquished Creatures
  An ogre (D:2)
  An orc wizard (D:3)
  3 adders (D:2)
  An ufetubus (D:4)
  A worm (D:2)
  3 dart slugs
  4 orcs (D:3)
  6 endoplasms
  A giant cockroach (D:3)
  5 goblins
  5 hobgoblins
  4 jackals (D:1)
  6 kobolds
  2 quokkas
  A ball python (D:2)
  8 bats
  2 frilled lizards
  6 rats
60 creatures vanquished.

Vanquished Creatures (others)
  4 plants
  3 withered plants (D:1)
7 creatures vanquished.

Grand Total: 67 creatures vanquished

Table legend:
 A = Non-vault XP
 B = Vault XP
 C = Vault XP percentage of total XP
 D = Non-vault monster count
 E = Vault monster count
 F = Vault count percentage of total count
                 A         B        C        D         E       F
            +---------+---------+-------+---------+---------+-------
      Total |     311 |       0 |   0.0 |      60 |       0 |   0.0
            +---------+---------+-------+---------+---------+-------
        D:1 |      32 |       0 |   0.0 |      20 |       0 |   0.0
        D:2 |     195 |       0 |   0.0 |      20 |       0 |   0.0
        D:3 |      74 |       0 |   0.0 |      18 |       0 |   0.0
        D:4 |      10 |       0 |   0.0 |       2 |       0 |   0.0
            +---------+---------+-------+---------+---------+-------

Illustrated notes

Table legend:
 A = Kills in this place as a percentage of kills in entire the game.
 B = Kills by you in this place as a percentage of kills by you in the entire game.
 C = Kills by friends in this place as a percentage of kills by friends in the entire game.
 D = Other kills in this place as a percentage of other kills in the entire game.
 E = Experience gained in this place as a percentage of experience gained in the entire game.
 F = Experience gained in this place divided by the number of levels of this place that you have seen.
                   A       B       C       D       E      F
               +-------+-------+-------+-------+-------+----------------------
         Total | 100.0 | 100.0 |   N/A |   N/A | 100.0 |  77.8
       Dungeon | 100.0 | 100.0 |   N/A |   N/A | 100.0 |  77.8
               +-------+-------+-------+-------+-------+----------------------

Table legend: (Time is in decaauts)
 A = Elapsed time spent in this place.
 B = Non-inter-level travel time spent in this place.
 C = Inter-level travel time spent in this place.
 D = Time resting spent in this place.
 E = Time spent auto-exploring this place.
 F = Levels seen in this place.
 G = Mean time per level.
                   A        B        C        D        E       F      G
               +--------+--------+--------+--------+--------+-----+--------+
         Total |   2912 |   2804 |    108 |    379 |   2107 |   4 |  728.0 |
       Dungeon |   2912 |   2804 |    108 |    379 |   2107 |   4 |  728.0 |
               +--------+--------+--------+--------+--------+-----+--------+

Top non-repeatable levels by time:
     D:2: 1141 daAuts
     D:1: 921 daAuts
     D:3: 813 daAuts
     D:4: 36 daAuts
